 Dungeon Crawl Stone Soup version 0.27-a0-1438-g9b7c6745da (webtiles) character file.

Game seed: 4274980816443081781

32 2tc the Insei (level 3, 26/26 HPs)
             Began as a Demonspawn Transmuter on July 4, 2021.
             Quit the game on level 1 of the Dungeon.
             The game lasted 00:02:59 (964 turns).

2tc the Insei (Demonspawn Transmuter)                Turns: 964, Time: 00:03:00

Health: 26/26      AC:  3    Str: 11    XL:     3   Next: 8%
Magic:  6/6        EV: 12    Int: 14    God:
Gold:   15         SH:  0    Dex: 13    Spells: 5/6 levels left

rFire    . . .     SeeInvis .     - Unarmed
rCold    . . .     Faith    .   (no shield)
rNeg     . . .     Spirit   .   a - +0 robe
rPois    .         Reflect  .   (no helmet)
rElec    .         Harm     .   (no cloak)
rCorr    .         Rampage  .   c - +0 pair of gloves
Will     .....                  (no boots)
Stlth    +.........             (no amulet)
HPRegen  0.08/turn              (no ring)
MPRegen  0.10/turn              (no ring)

@: no status effects
A: sturdy frame 1
a: no special abilities


You were on level 1 of the Dungeon.
You visited 1 branch of the dungeon, and saw 1 of its levels.

You collected 15 gold pieces.

Inventory:

Hand Weapons
 e - the +8 storm bow {elec, penet}
   (You acquired it on level 1 of the Dungeon)

   It charges the ammunition it shoots with electricity; occasionally upon a
   hit, such missiles may discharge and cause terrible harm.
   Ammo fired by it passes through the targets it hits, potentially hitting all
   targets in its path until it reaches maximum range.
Missiles
 b - 38 stones
Armour
 a - a +0 robe (worn)
 c - a +0 pair of gloves (worn)
Potions
 d - a potion of brilliance {unknown}


   Skills:
 - Level 1.0 Fighting
 - Level 1.7 Dodging
 * Level 3.9 Unarmed Combat
 - Level 2.0 Spellcasting
 - Level 1.7 Transmutations


You had 5 spell levels left.
You knew the following spells:

 Your Spells              Type           Power      Damage    Failure   Level
a - Beastly Appendage     Tmut           12%        N/A       12%         1

Your spell library contained the following spells:

 Spells                   Type           Power      Damage    Failure   Level
 Wereblood                Tmut           6%         N/A       17%         2
 Spider Form              Tmut/Pois      1%         N/A       45%         3
 Ice Form                 Ice/Tmut       3%         N/A       86%         4


Dungeon Overview and Level Annotations

Branches:
Dungeon (1/15)

Altars:


Innate Abilities, Weirdness & Mutations

Your movements are slightly less encumbered by armour. (ER -2)


Message History

Unknown command.
You now have 15 gold pieces (gained 11).
e - a scroll labelled WICA TAPU This is a scroll of acquirement!
Something appears at your feet!
e - the +8 storm bow {elec, penet}
b - 37 stones (gained 16)
Found an escape hatch in the floor.
There is an escape hatch in the floor here.
You open the door.
There is an open door here.
You open the door.
There is an open door here.
There is an open door here.
There is an open door here.
A kobold comes into view. It is wielding a +0 dagger.
The kobold shouts!
You closely miss the kobold. The kobold hits you with a +0 dagger.
You hit the kobold.
The kobold is moderately wounded.
The kobold barely misses you.
You hit the kobold but do no damage.
The kobold is moderately wounded.
The kobold hits you with a +0 dagger.
You hit the kobold.
You kill the kobold!
b - 38 stones (gained 1)
Things that are here:
a +0 dagger; a kobold corpse You open the door.
There is an open door here.
Found a ring mail.
You open the door.
There is an open door here.
There is an open door here.
You see here a +0 ring mail.
You see here a +0 ring mail.
Found a stone staircase leading down.
A quokka comes into view.
Are you sure you want to abandon this character and quit the game? (Confirm with "yes".)

..##...#
#.#.#
#.##...#
#.#.#
.......#
#.#.#
##.##..#####
#.#.#
...........#
#r#.#
##.#...###.#
#.#.#
##.....# #.#
#.#.#
##.....# #.#
#.#.#
###.#..# #.#
#!@.# #
#.#..# #.#
##### #
#....# #.# #
##...# #.#
#...# #†#
##..# #.#
#.># #.#
#### #.# #.#


You could see a quokka.

Vanquished Creatures
  A gnoll (D:1)
  A bat (D:1)
  2 endoplasms (D:1)
  2 hobgoblins (D:1)
  8 jackals (D:1)
  A kobold (D:1)
  2 ball pythons (D:1)
  A rat (D:1)
18 creatures vanquished.

Notes
Turn   | Place    | Note
-------+----------+-------------------------------------------
     0 | D:1      | 2tc the Demonspawn Transmuter began the quest for the Orb.
     0 | D:1      | Reached XP level 1. HP: 15/15 MP: 3/3
   168 | D:1      | Reached skill level 3 in Unarmed Combat
   207 | D:1      | Gained mutation: Your movements are slightly less
                  | encumbered by armour. (ER -2) [demonic ancestry]
   207 | D:1      | Reached XP level 2. HP: 10/21 MP: 3/5
   517 | D:1      | Reached XP level 3. HP: 20/26 MP: 4/6
   631 | D:1      | Identified a scroll of acquirement
   631 | D:1      | Acquired the +8 storm bow {elec, penet}
   632 | D:1      | Found the +8 storm bow {elec, penet}
   964 | D:1      | Quit the game

Illustrated notes

Levels and vault maps discovered:
D:1:      tarquinn_simple_flora_water_f, layout_basic, serial_park_tiny_pond

Skill      XL: |  1 |
---------------+----+-----
Unarmed Combat | 3 |  3.9
Fighting       | |  1.0
Dodging        | |  1.7
Spellcasting   | |  2.0
Transmutations | |  1.7

Action                   || total
-------------------------++-------
Melee: Unarmed           ||    45
       Kick              ||    12
       Headbutt          ||     7
 Cast: Beastly Appendage ||     6
  Use: Scroll            ||     5
Armor: Robe              ||     9
Dodge: Dodged            ||    26

Table legend: (Time is in decaauts)
 A = Elapsed time spent in this place.
 B = Non-inter-level travel time spent in this place.
 C = Inter-level travel time spent in this place.
 D = Time resting spent in this place.
 E = Time spent auto-exploring this place.
 F = Levels seen in this place.
 G = Mean time per level.
                   A        B        C        D        E       F      G
               +--------+--------+--------+--------+--------+-----+--------+
         Total |    960 |    960 |      0 |     18 |    816 |   1 |  960.0 |
       Dungeon |    960 |    960 |      0 |     18 |    816 |   1 |  960.0 |
               +--------+--------+--------+--------+--------+-----+--------+

Top non-repeatable levels by time:
     D:1: 960 daAuts
